 Dungeon Crawl Stone Soup version 0.21-a0-538-gd16b88a (webtiles) character file.

1831 slep the Chopper (level 8, -1/64 HPs)
             Began as a Demonspawn Gladiator on Dec 17, 2017.
             Slain by a gnoll (3 damage)
             ... on level 3 of the Dungeon.
             The game lasted 00:17:56 (2966 turns).

slep the Chopper (Demonspawn Gladiator)             Turns: 2966, Time: 00:17:56

Health: -1/64      AC: 15    Str: 13 (14) XL:     8   Next: 86%
Magic:  8/14       EV: 15    Int:  8 (9)  God:
Gold:   190        SH:  0    Dex: 16 (18) Spells: 15/15 levels left

rFire    . . .     SeeInvis .   a - +0 war axe
rCold    . . .     Gourm    .   (no shield)
rNeg     . . .     Faith    .   b - +0 leather armour
rPois    .         Spirit   .   c - +0 helmet
rElec    .         Reflect  .   s - +0 cloak {+Inv}
rCorr    .         Harm     .   (no gloves)
MR       .....                  (no boots)
Stlth    +++.......             p - amulet of regeneration
HPRegen  0.60/turn              (no ring)
MPRegen  0.14/turn              (no ring)

@: sanguine armour, very slightly contaminated, hasted, very quick
A: hooves 2, demonic guardian 1, nightstalker 1, sanguine armour 2
a: Evoke Invisibility


You were on level 3 of the Dungeon.
You were hungry.

You visited 2 branches of the dungeon, and saw 7 of its levels.

You collected 190 gold pieces.

Inventory:

Hand Weapons
 a - a +0 war axe (weapon)
Missiles
 d - 2 throwing nets (quivered)
 u - 6 javelins
 v - 2 exploding tomahawks
 y - 62 sling bullets
Armour
 b - a +0 leather armour (worn)
 c - a +0 helmet (worn)
 s - a +0 cloak of invisibility (worn)
Jewellery
 p - an amulet of regeneration (around neck)
 r - a cursed ring of loudness {unknown}
Scrolls
 e - 4 scrolls of teleportation {unknown}
 h - 2 scrolls of identify {unknown}
 i - a scroll of amnesia {unknown}
 l - a scroll of enchant weapon {unknown}
 q - 2 scrolls of fog {unknown}
 t - 2 scrolls of remove curse {unknown}
 x - a scroll of magic mapping {unknown}
Potions
 k - 2 potions of haste
 o - a potion of degeneration
Comestibles
 f - 3 bread rations
 g - 2 royal jellies
 n - 3 meat rations
 w - 5 chunks of flesh


   Skills:
 + Level 6.1 Fighting
 + Level 7.7 Axes
 + Level 2.0 Throwing
 + Level 5.3 Armour
 + Level 6.0 Dodging
 + Level 1.9 Stealth
 + Level 0.6 Unarmed Combat
 + Level 4.2 Spellcasting
   Level 4.5 Translocations


You had 15 spell levels left.
You didn't know any spells.

Dungeon Overview and Level Annotations

Branches:
Dungeon (6/15)             Temple (1/1) D:6

Altars:
Cheibriados
Dithmenos
Fedhas
Hepliaklqana
Kikubaaqudgha
Makhleb
Nemelex Xobeh
Qazlal
Ru
Xom
Yredelemnul
Zin
The Shining One


Innate Abilities, Weirdness & Mutations

You have hoof-like feet.
A weak demonic guardian rushes to your aid.
You are slightly more attuned to the shadows.
When seriously injured, your bleeding wounds create thick armour. (AC +9)


Message History

You hit the gnoll shaman.
The gnoll shaman is severely wounded.
You barely miss the gnoll.
Your quasit bites the gnoll.
Your quasit completely misses the gnoll.
Your quasit barely misses the gnoll.
The gnoll hits you from afar with a halberd.
* * * LOW HITPOINT WARNING * * *
The gnoll misses you.
The gnoll shaman struggles against the net.
The gnoll barely misses you. The gnoll misses you.
Okay, then.
You hit the gnoll shaman but do no damage.
You kick the gnoll shaman.
The gnoll shaman is severely wounded.
You hit the gnoll.
Your quasit closely misses the gnoll.
Your quasit barely misses the gnoll.
Your quasit claws the gnoll.
The gnoll barely misses your quasit.
The gnoll hits your quasit with a flail!
The gnoll hits you.
You die... #'### #.≈ g....... #.≈ ....g?.. #.≈ .....O #.≈ .g.gg

#.≈ ##gg## #.≈ #.gg5#######.. #.≈
+.ggg@.gg..'.. #.≈ #..gg#######..
#'###
############'''g#############.gg#
............................#.g.#
≈≈≈≈≈≈≈≈≈≈≈≈.†..≈≈≈≈≈≈≈≈≈≈≈≈#####
≈≈≈≈≈≈≈≈≈≈≈≈....≈≈≈≈≈≈≈≈≈≈≈≈≈≈≈≈≈
≈≈≈≈≈≈≈≈≈≈≈≈.)..≈≈≈≈≈≈≈≈≈≈≈≈≈≈≈≈≈
........)........................
#..#.########.#####..############


You could see a gnoll shaman (caught), 14 gnolls and a friendly quasit.

Vanquished Creatures
  A hippogriff (D:3)
  A sky beast (D:6)
  An ogre (D:6)
  A scorpion (D:4)
  A howler monkey (Temple)
  A centaur zombie (D:3)
  Crazy Yiuf (D:2)
  A gnoll shaman (D:3)
  A hound (D:4)
  A jelly (D:6)
  2 orc priests (D:4)
  An orc wizard (D:4)
  3 worker ants
  11 gnolls (D:3)
  A howler monkey skeleton (D:4)
  3 adders (D:3)
  3 worms
  A leopard gecko (D:4)
  15 orcs
  5 bats
  5 giant cockroaches
  8 goblins
  5 hobgoblins
  24 jackals
  2 quokkas
  2 ball pythons
  3 frilled lizards
  A jackal skeleton (D:4)
  9 kobolds
  A quokka skeleton (D:4)
  8 rats
123 creatures vanquished.

Vanquished Creatures (collateral kills)
  A hound (D:6)
  An orc wizard (D:4)
  A gnoll (D:3)
  An adder (D:4)
  3 orcs
7 creatures vanquished.

Grand Total: 130 creatures vanquished

Notes
Turn   | Place    | Note
-------+----------+-------------------------------------------
     0 | D:1      | slep the Demonspawn Gladiator began the quest for the Orb.
     0 | D:1      | Reached XP level 1. HP: 16/16 MP: 1/1
   266 | D:1      | Reached skill level 3 in Axes
   275 | D:1      | Gained mutation: You are slightly more attuned to the shadows. [demonic ancestry]
   275 | D:1      | Reached XP level 2. HP: 21/22 MP: 2/2
   707 | D:2      | Gained mutation: A weak demonic guardian rushes to your aid. [demonic ancestry]
   707 | D:2      | Reached XP level 3. HP: 26/27 MP: 3/3
   708 | D:2      | Found a faded altar of an unknown god.
   918 | D:2      | Found a runed door.
  1053 | D:2      | Reached skill level 1 in Armour
  1108 | D:3      | Found a basalt altar of Yredelemnul.
  1209 | D:3      | Reached XP level 4. HP: 25/33 MP: 4/4
  1440 | D:4      | Reached skill level 4 in Axes
  1446 | D:4      | Gained mutation: You have large cloven feet. [demonic ancestry]
  1446 | D:4      | Reached XP level 5. HP: 34/39 MP: 5/5
  1548 | D:4      | Gained mutation: When seriously injured, your bleeding wounds create armour. (AC +9) [demonic ancestry]
  1548 | D:4      | Reached XP level 6. HP: 22/46 MP: 6/6
  1589 | D:4      | Found a sacrificial altar of Ru.
  1604 | D:4      | Reached skill level 5 in Axes
  1638 | D:5      | Entered Level 5 of the Dungeon
  1701 | D:6      | Reached skill level 1 in Stealth
  1717 | D:6      | Noticed a sky beast
  1728 | D:6      | Killed a sky beast
  1739 | D:6      | Found a staircase to the Ecumenical Temple.
  1748 | Temple   | Entered the Ecumenical Temple
  1750 | Temple   | Gained mutation: You have hoof-like feet. [demonic ancestry]
  1750 | Temple   | Reached XP level 7. HP: 43/52 MP: 7/7
  2300 | D:2      | Noticed Crazy Yiuf
  2393 | D:2      | Killed Crazy Yiuf
  2573 | D:3      | Found a hazy altar of Hepliaklqana.
  2868 | D:3      | Found a shadowy altar of Dithmenos.
  2935 | D:3      | Noticed a hippogriff
  2936 | D:3      | Reached skill level 6 in Axes
  2952 | D:3      | HP: 1/52 [hippogriff (11)]
  2954 | D:3      | Reached skill level 7 in Axes
  2954 | D:3      | Reached skill level 5 in Armour
  2954 | D:3      | Gained mutation: When seriously injured, your bleeding wounds create thick armour. (AC +9) [demonic ancestry]
  2954 | D:3      | Reached XP level 8. HP: 2/64 MP: 7/14
  2957 | D:3      | Killed a hippogriff
  2965 | D:3      | HP: 2/64 [gnoll/halberd (5)]
  2966 | D:3      | Slain by a gnoll

Vault maps used:
D:1:      lemuel_arrival_room
D:2:      chequers_ecumenical_altar_simple_redux, minmay_misc_feat_iff,
          uniq_crazy_yiuf_cottage
D:3:      lemuel_castle_with_subvaults, lemuel_round_altar,
          nicolae_overflow_hidden_temple,
          nicolae_dithmenos_through_a_glass_darkly
D:4:      minitemple, first_bread, serial_shops, shop, nicolae_ru_awakened_eye
D:5:      kennysheep_little_box, kennysheep_generic_room_11
D:6:      marbit_many_paths, okawaru_trees_2, minmay_temple_entry_water_ring
Temple:   chequers_temple_sunken

Skill      XL: |  1  2  3  4  5  6  7 |
---------------+----------------------+-----
Axes           | 3 4 5 7 |  7.7
Throwing       | 2 |  2.0
Dodging        | 3 6 |  6.0
Armour         | 1 2 5 |  5.3
Fighting       | 3 6 |  6.1
Stealth        | 1 |  1.9
Spellcasting   | 4 |  4.2
Translocations | 4 |  4.5
Unarmed Combat | |  0.6

Action                   |  1- 3 |  4- 6 |  7- 9 || total
-------------------------+-------+-------+-------++-------
Melee: War axe           |   139 |   115 |   116 ||   370
       Kick              |       |    16 |    36 ||    52
       Unarmed           |       |       |    14 ||    14
Throw: Throwing net      |       |       |     1 ||     1
  Use: Potion            |       |       |     6 ||     6
 Stab: Sleeping          |     4 |     3 |       ||     7
       Invisible         |       |       |     7 ||     7
       Held in net/web   |       |       |     1 ||     1
  Eat: Chunk             |     1 |     2 |     4 ||     7
Armor: Leather armour    |    62 |    27 |    29 ||   118
Dodge: Dodged            |   119 |    81 |   104 ||   304

Table legend:
 A = Spawn XP
 B = Non-spawn XP
 C = Spawn XP percentage of total XP
 D = Spawn monster count
 E = Non-spawn monster count
 F = Spawn count percentage of total count
 G = Total turns spent on level
                    A         B        C        D         E        F      G
               +---------+---------+-------+---------+---------+-------+---------
         Total |       0 |    1468 |   0.0 |       0 |     130 |   0.0 |  2966
               +---------+---------+-------+---------+---------+-------+---------
           D:1 |       0 |      32 |   0.0 |       0 |      20 |   0.0 |   600
           D:2 |       0 |      94 |   0.0 |       0 |      25 |   0.0 |   915
           D:3 |       0 |     598 |   0.0 |       0 |      50 |   0.0 |   788
           D:4 |       0 |     369 |   0.0 |       0 |      26 |   0.0 |   305
           D:5 |       0 |      33 |   0.0 |       0 |       1 |   0.0 |    59
           D:6 |       0 |     287 |   0.0 |       0 |       7 |   0.0 |   118
        Temple |       0 |      55 |   0.0 |       0 |       1 |   0.0 |   181
               +---------+---------+-------+---------+---------+-------+---------
